 Dungeon Crawl Stone Soup version 0.31-a0-102-g33a4ccc0cb (webtiles) character file.

Game seed: 9640928652255233851

124 Esekla the Covert (level 5, 36/36 HPs)
             Began as an Octopode Delver on May 26, 2023.
             Quit the game on level 5 of the Dungeon.
             The game lasted 00:01:33 (338 turns).

Esekla the Covert (Octopode Delver)                  Turns: 338, Time: 00:01:33

Health: 36/36      AC:  1    Str: 12    XL:     5   Next: 8%
Magic:  6/6        EV: 13    Int: 14    God:
Gold:   8          SH:  0    Dex: 13    Spells: 5/5 levels left

rFire   . . .        a - +0 falchion
rCold   . . .        (no shield)
rNeg    . . .        (helmet restricted)
rPois   .            (no amulet)
rElec   .            (no ring)
rCorr   .            (no ring)
SInv    .            (no ring)
Will    .....        (no ring)
Stlth   +++++        (no ring)
HPRegen 0.26/turn    (no ring)
MPRegen 0.10/turn    (no ring)
                     (no ring)

%: no passive effects
@: no status effects
A: almost no armour, amphibious, 8 rings, camouflage 1, gelatinous body 1,
(nimble swimmer 1), tentacles
a: no special abilities


You were on level 5 of the Dungeon.
You visited 1 branch of the dungeon, and saw 1 of its levels.

You collected 8 gold pieces.

Inventory:

Hand Weapons
 a - a +0 falchion (weapon)
Wands
 f - a wand of digging (3)
Scrolls
 b - a scroll of fog
 c - a scroll of amnesia {unknown}
 d - a scroll of fear
 g - a scroll of teleportation {unknown}
Potions
 e - a potion of haste


   Skills:
 * Level 3.5 Fighting
 * Level 2.6 Long Blades
 * Level 2.3 Dodging
 + Level 8.3 Stealth
 * Level 0.7 Spellcasting


You had 5 spell levels left.
You didn't know any spells.
Your spell library was empty.

Dungeon Overview and Level Annotations

Branches:
Dungeon (5/15)
 Temple: D:4-7

Altars:
Ashenzari
Okawaru

Annotations:
D:5 Edmund


Innate Abilities, Weirdness & Mutations

You cannot wear most types of armour.
You are amphibious.
You can wear up to eight rings at the same time.
Your skin changes colour to match your surroundings (Stealth+).
Your rubbery body absorbs attacks. (AC +1, EV +1)
((You are camouflaged when in or above water. (Stealth+)))
You have tentacles for arms and can constrict up to eight enemies at once.


Message History

You hit the phantom.
You destroy the phantom!
Your Stealth skill increases to level 8!
You have reached level 4!
You see here a howler monkey corpse.
You start resting.
Magic restored.
You start resting.
HP restored.
An adder comes into view.
You see here a howler monkey skeleton.
There is a stone staircase leading down here.
There is an escape hatch in the ceiling here.
There is a broken altar of Ashenzari here.
The adder hisses angrily.
The adder misses you.
You miss the adder. You grab the adder. You squeeze the adder!
The adder is almost dead.
You constrict the adder.
You kill the adder!
You have reached level 5!
You feel stronger.
c - a scroll labelled UPPIOCZ FODYC
There is a stone staircase leading up here.
Found a spiked helmet.
Edmund the Younger comes into view.
He is wielding a +0 flail of protection and carrying a wand of flame (10).
A phantom comes into view.
Edmund shouts!
Edmund says, "A flail is better than a scythe, any day of the week!"
Edmund throws a stone.
The stone misses you.
You see here the +0 helmet "Esutax" {Regen+}.
Found a stone staircase leading down.
Found an iron altar of Okawaru.
Found a scroll labelled LECVECS ITAR BOVO.
g - a scroll labelled LECVECS ITAR BOVO
There are no items here.
Search for what [? for help]?
Okay, then.
Unknown command.
Are you sure you want to abandon this character and quit the game? (Confirm with "yes".)

,*****,,,,,,,,*****,.....,,,,#..#
,* *,*,,,,,,* *,,,....,,,##.# **
*,*,,,,,,** ****##.######.. **
**,*,,,,,,,########..>.......
,****,,*,,,,,,,#..,...@.....#####
+*,,,,*****#,*,#.####.####..#
,*,,,,* #.#,#.##.....##..#
,*,,,,* #...#.#.......#..#
**,,,** *#...@#.......#..# ,*,,,*
##......._......# ,*,,,*
###.#.......#..# ,*,,,*
#.#.......#..# **,,,*
#.##.....##..# ,,,***
#.####.####..# ****
#..,.....,...# #####........#
#***##*###


There were no monsters in sight!

Vanquished Creatures
  A phantom (D:5)
  A howler monkey (D:5)
  An adder (D:5)
3 creatures vanquished.

Notes
Turn   | Place    | Note
-------+----------+-------------------------------------------
     0 | D:5      | Esekla the Octopode Delver began the quest for the Orb.
     0 | D:5      | Reached XP level 1. HP: 16/16 MP: 1/1
     2 | D:5      | Noticed a howler monkey
    30 | D:5      | Killed a howler monkey
    31 | D:5      | Reached skill level 7 in Stealth
    31 | D:5      | Reached XP level 2. HP: 15/21 MP: 2/2
    31 | D:5      | Reached XP level 3. HP: 19/26 MP: 3/3
   135 | D:5      | Noticed a phantom
   168 | D:5      | Killed a phantom
   169 | D:5      | Reached skill level 8 in Stealth
   169 | D:5      | Reached XP level 4. HP: 6/31 MP: 3/5
   289 | D:5      | Reached XP level 5. HP: 36/36 MP: 6/6
   306 | D:5      | Noticed Edmund
   307 | D:5      | Noticed a phantom
   311 | D:5      | Identified the +0 helmet "Esutax" {Regen+}
   326 | D:5      | Found an iron altar of Okawaru.
   338 | D:5      | Quit the game

Illustrated notes

Levels and vault maps discovered:
D:5:      minmay_razor_zed, layout_rooms, old_standard_altar, ashenzari_altar_1,
          uniq_prince_ribbit1, uniq_edmund

Skill      XL: |  1  2  3 |
---------------+----------+-----
Stealth        | 7 8 |  8.3
Fighting       | |  3.5
Long Blades    | |  2.6
Dodging        | |  2.3
Spellcasting   | |  0.7

Action                     |  1- 3 |  4- 6 || total
---------------------------+-------+-------++-------
  Melee: Falchion          |    20 |     1 ||    21
         Tentacles         |     2 |     1 ||     3
         Constrict         |     1 |     1 ||     2
    Use: Scroll            |     1 |       ||     1
 Armour: Skin              |     1 |       ||     1
  Dodge: Dodged            |    13 |     2 ||    15

Table legend: (Time is in decaauts)
 A = Elapsed time spent in this place.
 B = Non-inter-level travel time spent in this place.
 C = Inter-level travel time spent in this place.
 D = Time resting spent in this place.
 E = Time spent auto-exploring this place.
 F = Levels seen in this place.
 G = Mean time per level.
                   A        B        C        D        E       F      G
               +--------+--------+--------+--------+--------+-----+--------+
         Total |    342 |    342 |      0 |    191 |      0 |   1 |  342.0 |
       Dungeon |    342 |    342 |      0 |    191 |      0 |   1 |  342.0 |
               +--------+--------+--------+--------+--------+-----+--------+

Top non-repeatable levels by time:
     D:5: 342 daAuts
